 Dungeon Crawl Stone Soup version 0.29-a0-1039-gfc20370e89 (webtiles) character file.

Game seed: 10789924912258705772

44 BritishOli the Trooper (level 3, -3/29 HPs)
             Began as a Demonspawn Fighter on Aug 15, 2022.
             Slain by a goblin
             ... wielding a +4 dagger of electrocution
             ... led by Robin
              (18 damage)
             ... on level 3 of the Dungeon.
             The game lasted 00:01:36 (1746 turns).

BritishOli the Trooper (Demonspawn Fighter)         Turns: 1746, Time: 00:01:38

Health: -3/29      AC:  8    Str: 18    XL:     3   Next: 41%
Magic:  3/3        EV:  9    Int:  9    God:
Gold:   115        SH:  4    Dex: 12    Spells: 2/2 levels left

rFire   . . .      SeeInvis .   a - +0 long sword
rCold   . . .      Faith    .   c - +0 buckler
rNeg    . . .      Spirit   .   b - +0 scale mail
rPois   .          Reflect  .   (no helmet)
rElec   .          Harm     .   (no cloak)
rCorr   .          Rampage  .   (no gloves)
Will    .....                   (no boots)
Stlth   ..........              (no amulet)
HPRegen 0.09/turn               (no ring)
MPRegen 0.08/turn               (no ring)

@: no status effects
A: yellow scales 1
a: no special abilities


You were on level 3 of the Dungeon.
You visited 1 branch of the dungeon, and saw 3 of its levels.

You collected 115 gold pieces.

Inventory:

Hand Weapons
 a - a +0 long sword (weapon)
Armour
 b - a +0 scale mail (worn)
 c - a +0 buckler (worn)
Scrolls
 e - 2 scrolls of identify {unknown}
 i - 2 scrolls of silence {unknown}
 j - a scroll of noise {unknown}
 m - a scroll of amnesia {unknown}
 n - a scroll of teleportation {unknown}
 o - a scroll of enchant armour {unknown}
 q - a scroll of summoning {unknown}
Potions
 d - 2 potions of might
 f - a potion of mutation {unknown}
 g - 3 potions of berserk rage {unknown}
 h - 2 potions of attraction {unknown}
 k - 2 potions of cancellation {unknown}
 l - 2 potions of heal wounds {unknown}
 p - 2 potions of curing {unknown}


   Skills:
 + Level 3.3 Fighting
 + Level 2.3 Long Blades
 + Level 3.1 Armour
 + Level 3.1 Shields


You had 2 spell levels left.
You didn't know any spells.
Your spell library was empty.

Dungeon Overview and Level Annotations

Branches:
Dungeon (3/15)

Altars:

Shops:
D:1 ((!(

Annotations:
D:3 Robin


Innate Abilities, Weirdness & Mutations

You are partially covered in yellow scales. (AC +2)


Message History

You hit the goblin.
You kill the goblin!
Robin throws the goblin at you!
You barely miss the goblin. The goblin hits you but does no damage.
You closely miss the goblin. The goblin hits you with a +0 dagger.
Robin roars a battlecry!
The goblins go into a battle-frenzy!
The goblin hits you but does no damage.
Robin says, "My army is invincible!"
You closely miss the goblin. The goblin hits you but does no damage.
You slash the goblin!
You kill the goblin!
You hit the goblin.
You kill the goblin!
The goblin hits you with a +1 dagger of holy wrath.
You convulse.
You barely miss the goblin. The goblin completely misses you.
Robin throws the goblin at you! The goblin barely misses you.
You hit the goblin.
You kill the goblin!
A hobgoblin comes into view.
The goblin hits you with a +4 dagger of electrocution.
You closely miss Robin. Robin hits you but does no damage.
The goblin hits you with a +4 dagger of electrocution.
You barely miss Robin.
The goblin hits you with a +4 dagger of electrocution.
Robin misses you. Robin barely misses you.
The goblin hits you with a +4 dagger of electrocution.
You hit Robin but do no damage. You block Robin's attack.
The goblin barely misses you.
You hit Robin.
Robin is moderately wounded.
Robin hits you but does no damage. The goblin closely misses you.
You hit Robin but do no damage.
Robin is moderately wounded.
The goblin no longer looks unusually strong. x2
The goblin hits you with a +4 dagger of electrocution.
You are electrocuted!!
Ouch! That really hurt!
You die...

#.# #.# #.# #.# ..[
###.# .. ..#g#
#.####.#@# #.#....#g#
#.#.#..#g######.
#.#.#..#gg..g.gg
#.#.....g...g.g.
...####.###........###
............#.........
.#####.#####.####.#..
#.<......# ...#


You could see Robin, 3 hobgoblins and 2 goblins.

Vanquished Creatures
  A worm (D:2)
  2 dart slugs (D:2)
  2 ball pythons (D:2)
  2 endoplasms
  7 goblins
  2 hobgoblins
  9 jackals
  2 kobolds (D:2)
  3 bats
  A rat (D:1)
  A spectral goblin (D:1)
32 creatures vanquished.

Notes
Turn   | Place    | Note
-------+----------+-------------------------------------------
     0 | D:1      | BritishOli the Demonspawn Fighter began the quest for the
                  | Orb.
     0 | D:1      | Reached XP level 1. HP: 18/18 MP: 1/1
    57 | D:1      | Found Qanitt's Antique Weapon Shop.
   235 | D:1      | Found Hiuhe's Distillery.
   448 | D:1      | Gained mutation: You are partially covered in yellow
                  | scales. (AC +2) [demonic ancestry]
   448 | D:1      | Reached XP level 2. HP: 24/24 MP: 2/2
   529 | D:1      | Found a faded altar of an unknown god.
   557 | D:1      | Found Keaghewk's Antique Weapon Boutique.
   850 | D:1      | Found Geackabb's Weapon Emporium.
  1168 | D:2      | Reached XP level 3. HP: 29/29 MP: 3/3
  1726 | D:3      | Noticed Robin
  1746 | D:3      | Slain by a goblin

Illustrated notes

Levels and vault maps discovered:
D:1:      wander_arrival_chamber, layout_loops_corners,
          dreamdust_ecumenical_altar_drowned_temple, serial_shops,
          nicolae_diamond_shop, nicolae_shop_behind_doors,
          nicolae_shop_behind_doors, shop, chequers_serial_rivers_marsh,
          hangedman_decor_clover_reticule
D:2:      layout_basic, kennysheep_big_empty_room
D:3:      layout_basic, lemuel_round_altar, minmay_joined_circles, uniq_robin

Skill      XL: |  1  2 |
---------------+-------+-----
Long Blades    | 2 |  2.3
Armour         | 3 |  3.1
Shields        | 3 |  3.1
Fighting       | |  3.3

Action                   || total
-------------------------++-------
Melee: Long sword        ||    89
Armor: Scale mail        ||    56
Dodge: Dodged            ||    49
Block: Buckler           ||    19

Table legend: (Time is in decaauts)
 A = Elapsed time spent in this place.
 B = Non-inter-level travel time spent in this place.
 C = Inter-level travel time spent in this place.
 D = Time resting spent in this place.
 E = Time spent auto-exploring this place.
 F = Levels seen in this place.
 G = Mean time per level.
                   A        B        C        D        E       F      G
               +--------+--------+--------+--------+--------+-----+--------+
         Total |   1786 |   1701 |     85 |      0 |   1491 |   3 |  595.3 |
       Dungeon |   1786 |   1701 |     85 |      0 |   1491 |   3 |  595.3 |
               +--------+--------+--------+--------+--------+-----+--------+

Top non-repeatable levels by time:
     D:1: 1066 daAuts
     D:2: 686 daAuts
     D:3: 33 daAuts
